Senators vs Monarchs
(R1)
Created - 8 octobre 2014 at 19:03
Goals
|
Senators |
3 |
3 |
2 |
8 |
Monarchs |
1 |
1 |
2 |
4 |
|
Shots
|
Senators |
8 |
12 |
9 |
29 |
Monarchs |
7 |
12 |
10 |
29 |
|
1st period
1. Monarchs , David Clarkson 1 (Randy Robitaille) at 2:05
2. Senators , Niklas Hagman 3 (Stanislav Chistov, B.J. Crombeen) at 5:57
3. Senators , Sergei Kostitsyn 4 (Rob Niedermayer, Alexander Salak) at 8:52
4. Senators , Steven Goertzen 3 (Cody Hodgson, Brett Sterling) at 9:50
Penalties :
John Moore (MAN) for Holding (Minor) at 11:08, Matt Martin (MAN) for Hooking (Minor) at 17:48
2nd period
5. Senators , B.J. Crombeen 2 (Shane Sims, Rob Niedermayer) at 11:59 (PP)
6. Monarchs , Brock Trotter 3 (Brayden Schenn, Peter Budaj) at 14:30 (PP)
7. Senators , Brett Sterling 6 (Steven Goertzen, Cody Hodgson) at 16:32
8. Senators , B.J. Crombeen 3 (Rob Niedermayer, Niklas Hagman) at 18:48 (PP)
Penalties :
Brock Trotter (MAN) for Hooking (Minor) at 0:54, David Clarkson (MAN) for Interference (Minor) at 11:52, B.J. Crombeen (BIN) for Holding (Minor) at 14:18, Matt Martin (MAN) for Hooking (Minor) at 18:20, Brian Gionta (MAN) for Interference (Minor) at 19:20, Peter Schaefer (MAN) for Holding (Minor) at 19:23
3rd period
9. Monarchs , Brian Gionta 10 (Brock Trotter, Brayden Schenn) at 2:04 (PP)
10. Senators , Logan Stephenson 2 (Stanislav Chistov) at 5:22 (PP)
11. Senators , Sergei Kostitsyn 5 (Josh Hennessy) at 5:28 (PP)
12. Monarchs , Randy Robitaille 2 (Brian Pothier, David Clarkson) at 5:43
Penalties :
Milan Jurcina (BIN) for Hooking (Minor) at 1:58, Logan Stephenson (BIN) for Goalie Interference (Minor) at 2:42, Tommy Wingels (MAN) for High sticking (Double Minor) at 5:09, Brian Gionta (MAN) for Fighting (Major) at 7:25, Niklas Hagman (BIN) for Fighting (Major) at 7:25, Milan Jurcina (BIN) for Hooking (Minor) at 8:04, B.J. Crombeen (BIN) for Cross-checking (Minor) at 8:26, Shane Sims (BIN) for Interference (Minor) at 19:01
Goalie Stats
Alexander Salak (BIN), 25 saves from 29 shots - (0,862), W, 1-0-0, 60:00 minutes
Sergei Bobrovsky (MAN), 16 saves from 20 shots - (0,800), 46:31 minutes
Peter Budaj (MAN), 5 saves from 9 shots - (0,556), L, 1-3-0, 13:29 minutes
Players Stats for Senators
Player Name G A P +/- PIM S H SB GA TA FO MP PP MP PK MP
------------------------------------------------------------------------------------
B.J. Crombeen 2 1 3 -2 4 3 3 0 2 0 2/6 24:11 4:47 2:20
Brett Sterling 1 1 2 2 0 1 0 0 0 0 1/3 9:50 0:00 1:29
Cody Hodgson 0 2 2 2 0 0 1 1 1 0 2/8 8:40 0:00 0:24
Erik Karlsson 0 0 0 0 0 1 1 1 0 0 0/0 19:31 3:08 1:54
Gabriel Bourque 0 0 0 0 0 2 1 1 0 1 0/0 6:50 0:00 0:29
Jack Skille 0 0 0 0 0 0 1 1 0 0 0/0 6:31 0:00 0:00
Josh Hennessy 0 1 1 2 0 4 1 1 0 0 9/15 19:08 3:57 1:22
Logan Stephenson 1 0 1 1 2 4 2 4 0 0 0/0 29:49 5:45 2:16
Mark Olver 0 0 0 0 0 0 0 0 0 0 1/2 6:21 0:00 0:00
Milan Jurcina 0 0 0 1 4 1 2 3 0 0 0/0 29:48 5:45 2:25
Niklas Hagman 1 1 2 2 5 2 3 0 2 0 0/0 18:05 4:49 0:35
Patrick Wey 0 0 0 1 0 0 0 0 0 2 0/0 12:49 0:00 3:08
Rob Niedermayer 0 3 3 -2 0 4 5 0 2 1 13/38 24:56 4:56 2:55
Sergei Kostitsyn 2 0 2 -2 0 2 0 0 2 0 1/2 20:41 3:57 0:00
Shane Sims 0 1 1 0 2 0 1 2 0 0 0/0 18:34 3:08 1:17
Stanislav Chistov 0 2 2 2 0 1 3 1 3 0 0/0 17:46 3:57 0:00
Steven Goertzen 1 1 2 2 0 3 0 0 0 0 0/0 9:17 0:16 0:00
Tyson Barrie 0 0 0 1 0 1 0 0 0 0 0/0 9:53 0:00 0:12
Players Stats for Monarchs
Player Name G A P +/- PIM S H SB GA TA FO MP PP MP PK MP
------------------------------------------------------------------------------------
Alec Martinez 0 0 0 -1 0 0 0 1 0 0 0/0 12:49 3:20 0:00
Brayden Schenn 0 2 2 -1 0 0 3 0 0 0 13/22 21:00 3:23 0:36
Brian Gionta 1 0 1 -1 7 5 2 1 1 3 0/1 15:46 2:01 1:24
Brian Pothier 0 1 1 0 0 2 1 2 1 0 0/0 26:07 3:37 5:28
Brock Trotter 1 1 2 -2 2 2 0 1 1 1 1/1 15:29 3:25 0:58
David Clarkson 1 1 2 1 2 7 3 0 0 0 1/2 20:53 2:27 1:48
Dwight King 0 0 0 0 0 0 1 0 0 0 0/0 6:19 0:52 0:30
Frederic St-Denis 0 0 0 1 0 0 1 2 0 0 0/0 11:26 0:00 3:25
John Moore 0 0 0 -1 2 3 0 2 0 0 0/0 23:22 2:13 0:00
Justin Schultz 0 0 0 0 0 0 0 0 0 1 0/0 0:53 0:00 0:00
Kyle Wharton 0 0 0 1 0 1 0 3 0 1 0/0 11:53 0:03 3:25
Marc-André Bernier 0 0 0 -2 0 1 3 0 0 2 0/0 11:14 0:00 0:00
Matt Martin 0 0 0 1 4 1 1 0 0 1 0/1 18:10 1:52 0:00
Patrick Davis 0 0 0 0 0 1 1 0 0 0 0/0 5:43 0:35 0:00
Peter Schaefer 0 0 0 -1 2 1 1 2 1 0 2/3 18:20 1:52 3:37
Randy Robitaille 1 1 2 1 0 4 3 0 0 2 26/40 22:35 0:21 5:01
Shawn Belle 0 0 0 -2 0 0 0 3 0 1 0/0 16:02 0:03 5:28
Slava Voynov 0 0 0 -2 0 0 0 0 0 0 0/0 17:53 1:56 0:00
Tommy Wingels 0 0 0 -2 4 1 2 0 0 0 2/4 13:08 0:00 1:55
Trevor Lewis 0 0 0 0 0 0 0 0 0 0 0/0 0:00 0:00 0:00
3 Stars
1 - Randy Robitaille (MAN)
2 - Steven Goertzen (BIN)
3 - Brett Sterling (BIN)
Power Play
Senators - 4 on 9 Attempt(s) - 44,44%
Monarchs - 2 on 6 Attempt(s) - 33,33%
Penalty Kill
Senators - 4 on 6 Attempt(s) - 66,67%
- Score 0 goal in Penalty Kill
Monarchs - 5 on 9 Attempt(s) - 55,56%
- Score 0 goal in Penalty Kill
Official
Referees : Auger Stephane and Jackson Dave
Linesman : Tony Sericolo and Derek Amell
Game Notes
Justin Schultz is injured at 1:59 of 1st period (Torn Left Knee Ligaments)
Peter Budaj enters game at 11:59 of 2nd period
Sergei Bobrovsky enters game at 5:28 of 3rd period
Brian Gionta and Niklas Hagman fight to a draw at 7:25 of 3rd period
Finance
Level 1 -- Attendance: 1591 (79,55%) -- Ticket Income 55 685 $
Level 2 -- Attendance: 740 (74,00%) -- Ticket Income 11 100 $
Total Attendance: 2331 (77,70%)
Total Ticket Income: 66 785 $
Other Income: 3 339 $
Total Income: 70 124 $
Senators
5 vs 5 Forward
Center Left Wing Right Wing Time % Phy DF OF
1 Rob Niedermayer Sergei Kostitsyn B.J. Crombeen 40 1 2 2
2 Josh Hennessy Niklas Hagman Stanislav Chistov 30 1 2 2
3 Cody Hodgson Brett Sterling Steven Goertzen 20 1 2 2
4 Mark Olver Gabriel Bourque Jack Skille 10 1 2 2
5 vs 5 Defense
Defense Defense Time % Phy DF OF
1 Milan Jurcina Logan Stephenson 40 1 2 2
2 Erik Karlsson Shane Sims 30 1 2 2
3 Tyson Barrie Patrick Wey 20 1 2 2
4 Milan Jurcina Logan Stephenson 10 1 2 2
PowerPlay Forward
Center Left Wing Right Wing Time % Phy DF OF
1 Rob Niedermayer Niklas Hagman B.J. Crombeen 60 1 2 2
2 Josh Hennessy Sergei Kostitsyn Stanislav Chistov 40 1 2 2
PowerPlay Defense
Defense Defense Time % Phy DF OF
1 Milan Jurcina Logan Stephenson 60 1 2 2
2 Erik Karlsson Shane Sims 40 1 2 2
Penalty Kill 4 Players Forward
Center Wing Time % Phy DF OF
1 B.J. Crombeen Rob Niedermayer 60 1 2 2
2 Josh Hennessy Niklas Hagman 40 1 2 2
Penalty Kill 4 Players Defense
Defense Defense Time % Phy DF OF
1 Milan Jurcina Logan Stephenson 60 1 2 2
2 Erik Karlsson Shane Sims 40 1 2 2
Penalty Kill - 3 Players Forward
Forward Time % Phy DF OF
1 B.J. Crombeen 60 1 2 2
2 Rob Niedermayer 40 1 2 2
Penalty Kill - 3 Players Defense
Defense Defense Time % Phy DF OF
1 Milan Jurcina Logan Stephenson 60 1 2 2
2 Erik Karlsson Shane Sims 40 1 2 2
4 vs 4 Forward
Center Wing Time % Phy DF OF
1 B.J. Crombeen Rob Niedermayer 60 1 2 2
2 Josh Hennessy Niklas Hagman 40 1 2 2
4 vs 4 Defense
Defense Defense Time % Phy DF OF
1 Milan Jurcina Logan Stephenson 60 1 2 2
2 Erik Karlsson Shane Sims 40 1 2 2
Last Minutes Offensive
Center Left Wing Right Wing Defense Defense
Rob Niedermayer Niklas Hagman B.J. Crombeen Milan Jurcina Logan Stephenson
Last Minutes Defensive
Center Left Wing Right Wing Defense Defense
Rob Niedermayer Niklas Hagman B.J. Crombeen Milan Jurcina Logan Stephenson
Goaltenders
Starting : Alexander Salak
Backup : Tyler Beskorowany
Extra Forwards
Normal : Steven Goertzen, Jack Skille, Brett Sterling - PP : Steven Goertzen, Jack Skille - PK : Brett Sterling
Extra Defensemen
Normal : Tyson Barrie, Patrick Wey, Erik Karlsson - PP : Tyson Barrie - PK : Patrick Wey, Erik Karlsson
Penalty Shots
B.J. Crombeen, Rob Niedermayer, Josh Hennessy, Niklas Hagman, Stanislav Chistov
Monarchs
5 vs 5 Forward
Center Left Wing Right Wing Time % Phy DF OF
1 Randy Robitaille Matt Martin David Clarkson 40 2 1 2
2 Brayden Schenn Peter Schaefer Brian Gionta 30 1 1 3
3 Tommy Wingels Brock Trotter Marc-André Bernier 20 3 1 1
4 Brayden Schenn Dwight King Patrick Davis 10 1 3 1
5 vs 5 Defense
Defense Defense Time % Phy DF OF
1 Brian Pothier Justin Schultz 40 0 2 3
2 John Moore Shawn Belle 30 0 3 2
3 Alec Martinez Slava Voynov 20 0 3 2
4 Kyle Wharton Frederic St-Denis 10 0 4 1
PowerPlay Forward
Center Left Wing Right Wing Time % Phy DF OF
1 Brayden Schenn Brock Trotter Brian Gionta 60 0 1 4
2 Peter Schaefer Matt Martin David Clarkson 40 1 1 3
PowerPlay Defense
Defense Defense Time % Phy DF OF
1 Brian Pothier Justin Schultz 60 0 2 3
2 John Moore Slava Voynov 40 0 3 2
Penalty Kill 4 Players Forward
Center Wing Time % Phy DF OF
1 Randy Robitaille Peter Schaefer 60 1 4 0
2 Tommy Wingels David Clarkson 40 1 4 0
Penalty Kill 4 Players Defense
Defense Defense Time % Phy DF OF
1 Brian Pothier Shawn Belle 60 1 4 0
2 Frederic St-Denis Kyle Wharton 40 1 4 0
Penalty Kill - 3 Players Forward
Forward Time % Phy DF OF
1 Randy Robitaille 60 1 2 2
2 Peter Schaefer 40 1 2 2
Penalty Kill - 3 Players Defense
Defense Defense Time % Phy DF OF
1 Brian Pothier Shawn Belle 60 1 4 0
2 Frederic St-Denis Kyle Wharton 40 1 4 0
4 vs 4 Forward
Center Wing Time % Phy DF OF
1 Randy Robitaille Brian Gionta 60 1 2 2
2 Brayden Schenn Peter Schaefer 40 1 2 2
4 vs 4 Defense
Defense Defense Time % Phy DF OF
1 Shawn Belle Brian Pothier 60 0 3 2
2 Alec Martinez Kyle Wharton 40 0 3 2
Last Minutes Offensive
Center Left Wing Right Wing Defense Defense
Brayden Schenn Peter Schaefer Brian Gionta Brian Pothier Justin Schultz
Last Minutes Defensive
Center Left Wing Right Wing Defense Defense
Randy Robitaille Peter Schaefer Brian Gionta Brian Pothier John Moore
Goaltenders
Starting : Sergei Bobrovsky
Backup : Peter Budaj
Extra Forwards
Normal : Brayden Schenn, Randy Robitaille, Brian Gionta - PP : David Clarkson, Dwight King - PK : Brian Gionta
Extra Defensemen
Normal : Justin Schultz, John Moore, Slava Voynov - PP : Alec Martinez - PK : Alec Martinez, John Moore
Penalty Shots
Brian Gionta, Tommy Wingels, Peter Schaefer, David Clarkson, Marc-André Bernier
% Time on Ice - Senators
Lines # - Real PCT - Wanted PCT - Time Play
Normal Forward
1 - 38% - 40% - 17:05
2 - 30% - 30% - 13:49
3 - 18% - 20% - 8:16
4 - 14% - 10% - 6:21
Normal Defense
1 - 42% - 40% - 19:19
2 - 31% - 30% - 14:10
3 - 20% - 20% - 9:13
4 - 6% - 10% - 2:49
PP Forward
1 - 56% - 60% - 4:56
2 - 44% - 40% - 3:57
PP Defense
1 - 65% - 60% - 5:45
2 - 35% - 40% - 3:08
PK Forward
1 - 85% - 60% - 3:24
2 - 15% - 40% - 0:35
PK Defense
1 - 76% - 60% - 3:02
2 - 24% - 40% - 0:57
PK3 Forward
1 - 100% - 60% - 1:37
2 - 0% - 40% - 0:00
PK3 Defense
1 - 61% - 60% - 0:59
2 - 39% - 40% - 0:38
44 Forward
1 - 0% - 60%
2 - 0% - 40%
44 Defense
1 - 0% - 60%
2 - 0% - 40%
Last Minute Offensive - 0:00
Last Minute Defensive - 0:00
Total
Forward - 60:00
Defense - 60:00
|
% Time on Ice - Monarchs
Lines # - Real PCT - Wanted PCT - Time Play
Normal Forward
1 - 37% - 40% - 16:50
2 - 28% - 30% - 12:34
3 - 25% - 20% - 11:14
4 - 11% - 10% - 4:53
Normal Defense
1 - 38% - 40% - 17:21
2 - 25% - 30% - 11:29
3 - 21% - 20% - 9:29
4 - 16% - 10% - 7:12
PP Forward
1 - 67% - 60% - 3:44
2 - 33% - 40% - 1:52
PP Defense
1 - 65% - 60% - 3:40
2 - 35% - 40% - 1:56
PK Forward
1 - 72% - 60% - 5:01
2 - 28% - 40% - 1:56
PK Defense
1 - 57% - 60% - 3:57
2 - 43% - 40% - 3:00
PK3 Forward
1 - 70% - 60% - 1:21
2 - 30% - 40% - 0:35
PK3 Defense
1 - 78% - 60% - 1:31
2 - 22% - 40% - 0:25
44 Forward
1 - 0% - 60%
2 - 0% - 40%
44 Defense
1 - 0% - 60%
2 - 0% - 40%
Last Minute Offensive - 0:00
Last Minute Defensive - 0:00
Total
Forward - 60:00
Defense - 60:00
|
Play by Play
1st period
0:01 of 1st period - Randy Robitaille wins face-off versus Rob Niedermayer in neutral zone.
0:31 of 1st period - Wrist shot by Peter Schaefer.
0:31 of 1st period - Shot Misses the Net.
1:10 of 1st period - Wrist shot by Patrick Davis.
1:10 of 1st period - Stopped by Alexander Salak with a rebound.
1:12 of 1st period - Snap shot by Shawn Belle.
1:12 of 1st period - Shot Blocked by Erik Karlsson.
1:14 of 1st period - Slapshot by John Moore.
1:14 of 1st period - Stopped by Alexander Salak with a rebound.
1:32 of 1st period - Off-side.
1:33 of 1st period - Josh Hennessy wins face-off versus Brayden Schenn in neutral zone.
1:58 of 1st period - Justin Schultz is hit by Rob Niedermayer and loses puck.
1:59 of 1st period - Justin Schultz from Monarchs is injured at 1:59 of 1st period (Torn Left Knee Ligaments).
2:00 of 1st period - David Clarkson wins face-off versus Rob Niedermayer in Monarchs zone.
2:05 of 1st period - Snap shot by David Clarkson.
2:05 of 1st period - Goal by David Clarkson - Senators : 0 - Monarchs : 1.
2:06 of 1st period - B.J. Crombeen wins face-off versus Randy Robitaille in neutral zone.
2:09 of 1st period - Wrist shot by Sergei Kostitsyn.
2:09 of 1st period - Shot Misses the Net.
2:17 of 1st period - Shane Sims is hit by Randy Robitaille and loses puck.
2:25 of 1st period - Icing by Shane Sims.
2:26 of 1st period - Brayden Schenn wins face-off versus Rob Niedermayer in Senators zone.
2:41 of 1st period - Peter Schaefer is hit by Rob Niedermayer and loses puck.
3:04 of 1st period - Snap shot by Steven Goertzen.
3:04 of 1st period - Shot Misses the Net.
4:18 of 1st period - Wrist shot by Randy Robitaille.
4:18 of 1st period - Shot Blocked by Milan Jurcina.
4:20 of 1st period - Slapshot by David Clarkson.
4:20 of 1st period - Stopped by Alexander Salak without a rebound.
4:21 of 1st period - Brayden Schenn wins face-off versus Rob Niedermayer in Senators zone.
4:50 of 1st period - Alec Martinez is hit by Stanislav Chistov and loses puck.
4:57 of 1st period - Niklas Hagman is hit by Marc-André Bernier and loses puck.
5:12 of 1st period - Snap shot by Cody Hodgson.
5:12 of 1st period - Shot Misses the Net.
5:28 of 1st period - B.J. Crombeen is hit by Marc-André Bernier and loses puck.
5:57 of 1st period - Snap shot by Niklas Hagman.
5:57 of 1st period - Goal by Niklas Hagman - Senators : 1 - Monarchs : 1.
5:58 of 1st period - Randy Robitaille wins face-off versus Josh Hennessy in neutral zone.
6:12 of 1st period - Snap shot by David Clarkson.
6:12 of 1st period - Shot Misses the Net.
6:14 of 1st period - Wrist shot by Randy Robitaille.
6:14 of 1st period - Shot Misses the Net.
6:45 of 1st period - John Moore is hit by Rob Niedermayer and loses puck.
6:54 of 1st period - Wrist shot by Sergei Kostitsyn.
6:54 of 1st period - Deflect By Rob Niedermayer.
6:54 of 1st period - Stopped by Sergei Bobrovsky with a rebound.
7:00 of 1st period - Slapshot by Rob Niedermayer.
7:00 of 1st period - Shot Misses the Net.
7:02 of 1st period - Snap shot by Logan Stephenson.
7:02 of 1st period - Shot Hit the Post.
7:04 of 1st period - Slapshot by Logan Stephenson.
7:04 of 1st period - Stopped by Sergei Bobrovsky without a rebound.
7:05 of 1st period - Randy Robitaille wins face-off versus Cody Hodgson in Monarchs zone.
7:14 of 1st period - Wrist shot by Cody Hodgson.
7:14 of 1st period - Shot Misses the Net.
7:30 of 1st period - Brian Gionta is hit by Niklas Hagman and loses puck.
8:03 of 1st period - Slapshot by Brock Trotter.
8:03 of 1st period - Stopped by Alexander Salak without a rebound.
8:04 of 1st period - Randy Robitaille wins face-off versus Cody Hodgson in Senators zone.
8:21 of 1st period - Brett Sterling is hit by Randy Robitaille and loses puck.
8:52 of 1st period - Wrist shot by Sergei Kostitsyn.
8:52 of 1st period - Goal by Sergei Kostitsyn - Senators : 2 - Monarchs : 1.
8:53 of 1st period - Peter Schaefer wins face-off versus Josh Hennessy in neutral zone.
9:46 of 1st period - Snap shot by Cody Hodgson.
9:46 of 1st period - Shot Misses the Net.
9:48 of 1st period - Snap shot by Steven Goertzen.
9:48 of 1st period - Shot Blocked by Alec Martinez.
9:50 of 1st period - Wrist shot by Steven Goertzen.
9:50 of 1st period - Goal by Steven Goertzen - Senators : 3 - Monarchs : 1.
9:51 of 1st period - Josh Hennessy wins face-off versus Randy Robitaille in neutral zone.
9:59 of 1st period - Logan Stephenson is hit by Matt Martin and loses puck.
10:16 of 1st period - Niklas Hagman is hit by Tommy Wingels and loses puck.
10:27 of 1st period - Slapshot by Brian Pothier.
10:27 of 1st period - Shot Blocked by Stanislav Chistov.
10:39 of 1st period - Brayden Schenn is hit by Milan Jurcina and loses puck.
10:51 of 1st period - Icing by Brian Pothier.
10:52 of 1st period - Cody Hodgson wins face-off versus Brayden Schenn in Monarchs zone.
11:03 of 1st period - Snap shot by Steven Goertzen.
11:03 of 1st period - Shot Blocked by Peter Schaefer.
11:05 of 1st period - Snap shot by Steven Goertzen.
11:05 of 1st period - Stopped by Sergei Bobrovsky without a rebound.
11:06 of 1st period - Randy Robitaille wins face-off versus Rob Niedermayer in Monarchs zone.
11:08 of 1st period - Minor Penalty to John Moore for Holding.
11:09 of 1st period - Randy Robitaille wins face-off versus Rob Niedermayer in Monarchs zone.
11:14 of 1st period - Off-side.
11:15 of 1st period - Rob Niedermayer wins face-off versus Randy Robitaille in neutral zone.
13:08 of 1st period - Penalty to John Moore is over, John Moore is back on ice.
13:25 of 1st period - Wrist shot by Brian Gionta.
13:25 of 1st period - Shot Blocked by Cody Hodgson.
14:03 of 1st period - Wrist shot by Randy Robitaille.
14:03 of 1st period - Stopped by Alexander Salak without a rebound.
14:04 of 1st period - Mark Olver wins face-off versus David Clarkson in Senators zone.
14:28 of 1st period - Snap shot by Stanislav Chistov.
14:28 of 1st period - Shot Misses the Net.
14:36 of 1st period - Snap shot by Stanislav Chistov.
14:36 of 1st period - Shot Misses the Net.
15:49 of 1st period - Logan Stephenson is hit by Dwight King and loses puck.
16:11 of 1st period - Off-side.
16:12 of 1st period - Josh Hennessy wins face-off versus Tommy Wingels in neutral zone.
16:25 of 1st period - Snap shot by Niklas Hagman.
16:25 of 1st period - Shot Misses the Net.
16:27 of 1st period - Slapshot by Stanislav Chistov.
16:27 of 1st period - Shot Blocked by John Moore.
16:29 of 1st period - Wrist shot by Josh Hennessy.
16:29 of 1st period - Shot Blocked by Brian Pothier.
16:31 of 1st period - Slapshot by Josh Hennessy.
16:31 of 1st period - Shot Blocked by Brock Trotter.
16:33 of 1st period - Snap shot by Niklas Hagman.
16:33 of 1st period - Stopped by Sergei Bobrovsky without a rebound.
16:34 of 1st period - Randy Robitaille wins face-off versus Rob Niedermayer in Monarchs zone.
17:01 of 1st period - Tommy Wingels is hit by Niklas Hagman and loses puck.
17:12 of 1st period - Wrist shot by Stanislav Chistov.
17:12 of 1st period - Deflect By Josh Hennessy.
17:12 of 1st period - Stopped by Sergei Bobrovsky without a rebound.
17:13 of 1st period - Brayden Schenn wins face-off versus Cody Hodgson in Monarchs zone.
17:17 of 1st period - Off-side.
17:18 of 1st period - Brayden Schenn wins face-off versus Cody Hodgson in neutral zone.
17:31 of 1st period - Snap shot by Peter Schaefer.
17:31 of 1st period - Stopped by Alexander Salak with a rebound.
17:33 of 1st period - Snap shot by Brian Gionta.
17:33 of 1st period - Shot Misses the Net.
17:48 of 1st period - Minor Penalty to Matt Martin for Hooking.
17:49 of 1st period - Randy Robitaille wins face-off versus Rob Niedermayer in Monarchs zone.
19:29 of 1st period - Stanislav Chistov is hit by Brian Gionta and loses puck.
19:48 of 1st period - Penalty to Matt Martin is over, Matt Martin is back on ice.
Goals for this period are 3 for Senators vs 1 for Monarchs .
Shots for this period are 8 for Senators vs 7 for Monarchs .
2nd period
0:01 of 2nd period - Randy Robitaille wins face-off versus Rob Niedermayer in neutral zone.
0:25 of 2nd period - Stanislav Chistov is hit by Peter Schaefer and loses puck.
0:54 of 2nd period - Minor Penalty to Brock Trotter for Hooking.
0:55 of 2nd period - Randy Robitaille wins face-off versus Rob Niedermayer in Monarchs zone.
1:05 of 2nd period - Randy Robitaille is hit by Rob Niedermayer and loses puck.
2:26 of 2nd period - Milan Jurcina is hit by Frederic St-Denis and loses puck.
2:54 of 2nd period - Penalty to Brock Trotter is over, Brock Trotter is back on ice.
4:32 of 2nd period - Snap shot by Brian Pothier.
4:32 of 2nd period - Shot Hit the Post.
4:34 of 2nd period - Slapshot by Kyle Wharton.
4:34 of 2nd period - Stopped by Alexander Salak without a rebound.
4:35 of 2nd period - Brayden Schenn wins face-off versus Cody Hodgson in Senators zone.
5:26 of 2nd period - John Moore is hit by Logan Stephenson and loses puck.
6:06 of 2nd period - Off-side.
6:07 of 2nd period - Rob Niedermayer wins face-off versus Randy Robitaille in neutral zone.
6:24 of 2nd period - Rob Niedermayer is hit by Brian Pothier and loses puck.
6:39 of 2nd period - Wrist shot by Josh Hennessy.
6:39 of 2nd period - Stopped by Sergei Bobrovsky without a rebound.
6:40 of 2nd period - Josh Hennessy wins face-off versus Brayden Schenn in Monarchs zone.
7:06 of 2nd period - Niklas Hagman is hit by Marc-André Bernier and loses puck.
7:23 of 2nd period - Snap shot by Milan Jurcina.
7:23 of 2nd period - Stopped by Sergei Bobrovsky with a rebound.
7:29 of 2nd period - Snap shot by Randy Robitaille.
7:29 of 2nd period - Shot Misses the Net.
7:31 of 2nd period - Snap shot by David Clarkson.
7:31 of 2nd period - Shot Misses the Net.
7:49 of 2nd period - Snap shot by Dwight King.
7:49 of 2nd period - Shot Misses the Net.
7:51 of 2nd period - Slapshot by Brian Pothier.
7:51 of 2nd period - Stopped by Alexander Salak without a rebound.
7:52 of 2nd period - Rob Niedermayer wins face-off versus Brayden Schenn in Senators zone.
8:01 of 2nd period - Slapshot by Brian Gionta.
8:01 of 2nd period - Stopped by Alexander Salak with a rebound.
8:05 of 2nd period - Slapshot by Brian Gionta.
8:05 of 2nd period - Stopped by Alexander Salak without a rebound.
8:06 of 2nd period - Rob Niedermayer wins face-off versus Randy Robitaille in Senators zone.
8:13 of 2nd period - Snap shot by Rob Niedermayer.
8:13 of 2nd period - Shot Misses the Net.
8:15 of 2nd period - Backhand shot by Rob Niedermayer.
8:15 of 2nd period - Deflect By B.J. Crombeen.
8:15 of 2nd period - Shot Misses the Net.
8:15 of 2nd period - Puck is out of play.
8:16 of 2nd period - Rob Niedermayer wins face-off versus Randy Robitaille in Monarchs zone.
8:21 of 2nd period - Snap shot by Rob Niedermayer.
8:21 of 2nd period - Stopped by Sergei Bobrovsky with a rebound.
8:23 of 2nd period - Slapshot by Erik Karlsson.
8:23 of 2nd period - Stopped by Sergei Bobrovsky without a rebound.
8:24 of 2nd period - Randy Robitaille wins face-off versus Rob Niedermayer in Monarchs zone.
8:49 of 2nd period - John Moore is hit by Josh Hennessy and loses puck.
9:12 of 2nd period - Snap shot by Steven Goertzen.
9:12 of 2nd period - Stopped by Sergei Bobrovsky without a rebound.
9:13 of 2nd period - Tommy Wingels wins face-off versus Cody Hodgson in Monarchs zone.
9:39 of 2nd period - Erik Karlsson is hit by David Clarkson.
10:04 of 2nd period - Off-side.
10:05 of 2nd period - Brayden Schenn wins face-off versus Josh Hennessy in neutral zone.
10:16 of 2nd period - Brian Gionta is hit by Stanislav Chistov and loses puck.
10:52 of 2nd period - Slapshot by Stanislav Chistov.
10:52 of 2nd period - Shot Blocked by Frederic St-Denis.
10:54 of 2nd period - Slapshot by Logan Stephenson.
10:54 of 2nd period - Deflect By Josh Hennessy.
10:54 of 2nd period - Stopped by Sergei Bobrovsky with a rebound.
10:58 of 2nd period - Slapshot by Stanislav Chistov.
10:58 of 2nd period - Shot Blocked by Kyle Wharton.
11:49 of 2nd period - Wrist shot by Stanislav Chistov.
11:49 of 2nd period - Deflect By Niklas Hagman.
11:49 of 2nd period - Shot Blocked by Brian Gionta.
11:49 of 2nd period - Puck is out of play.
11:50 of 2nd period - Randy Robitaille wins face-off versus Rob Niedermayer in Monarchs zone.
11:52 of 2nd period - Minor Penalty to David Clarkson for Interference.
11:53 of 2nd period - Rob Niedermayer wins face-off versus Tommy Wingels in Monarchs zone.
11:55 of 2nd period - Snap shot by Rob Niedermayer.
11:55 of 2nd period - Stopped by Sergei Bobrovsky with a rebound.
11:57 of 2nd period - Snap shot by Shane Sims.
11:57 of 2nd period - Shot Misses the Net.
11:59 of 2nd period - Snap shot by B.J. Crombeen.
11:59 of 2nd period - Goal by B.J. Crombeen - Senators : 4 - Monarchs : 1.
11:59 of 2nd period - Peter Budaj enters game.
12:00 of 2nd period - Randy Robitaille wins face-off versus Rob Niedermayer in neutral zone.
12:07 of 2nd period - Wrist shot by Randy Robitaille.
12:07 of 2nd period - Shot Misses the Net.
12:32 of 2nd period - Snap shot by Steven Goertzen.
12:32 of 2nd period - Shot Blocked by Shawn Belle.
12:34 of 2nd period - Snap shot by Logan Stephenson.
12:34 of 2nd period - Shot Misses the Net.
12:50 of 2nd period - Snap shot by Gabriel Bourque.
12:50 of 2nd period - Stopped by Peter Budaj without a rebound.
12:51 of 2nd period - Brayden Schenn wins face-off versus Mark Olver in Monarchs zone.
12:51 of 2nd period - Brayden Schenn is hit by Gabriel Bourque.
13:11 of 2nd period - Wrist shot by B.J. Crombeen.
13:11 of 2nd period - Shot Misses the Net.
13:19 of 2nd period - Sergei Kostitsyn is hit by David Clarkson and loses puck.
13:33 of 2nd period - Icing by Frederic St-Denis.
13:34 of 2nd period - Tommy Wingels wins face-off versus Josh Hennessy in Monarchs zone.
13:44 of 2nd period - Snap shot by Marc-André Bernier.
13:44 of 2nd period - Shot Misses the Net.
14:18 of 2nd period - Minor Penalty to B.J. Crombeen for Holding.
14:19 of 2nd period - Brayden Schenn wins face-off versus Brett Sterling in Senators zone.
14:30 of 2nd period - Slapshot by Brock Trotter.
14:30 of 2nd period - Goal by Brock Trotter - Senators : 4 - Monarchs : 2.
14:31 of 2nd period - Rob Niedermayer wins face-off versus Randy Robitaille in neutral zone.
15:22 of 2nd period - Slapshot by Brayden Schenn.
15:22 of 2nd period - Shot Blocked by Shane Sims.
15:24 of 2nd period - Wrist shot by Brayden Schenn.
15:24 of 2nd period - Shot Blocked by Josh Hennessy.
15:26 of 2nd period - Wrist shot by Patrick Davis.
15:26 of 2nd period - Shot Misses the Net.
16:24 of 2nd period - Slapshot by Brian Gionta.
16:24 of 2nd period - Stopped by Alexander Salak with a rebound.
16:30 of 2nd period - Snap shot by Steven Goertzen.
16:30 of 2nd period - Shot Misses the Net.
16:32 of 2nd period - Wrist shot by Brett Sterling.
16:32 of 2nd period - Goal by Brett Sterling - Senators : 5 - Monarchs : 2.
16:33 of 2nd period - Randy Robitaille wins face-off versus Rob Niedermayer in neutral zone.
16:40 of 2nd period - Wrist shot by Randy Robitaille.
16:40 of 2nd period - Stopped by Alexander Salak with a rebound.
16:42 of 2nd period - Snap shot by Matt Martin.
16:42 of 2nd period - Stopped by Alexander Salak without a rebound.
16:43 of 2nd period - Randy Robitaille wins face-off versus Sergei Kostitsyn in Senators zone.
17:00 of 2nd period - Wrist shot by David Clarkson.
17:00 of 2nd period - Stopped by Alexander Salak with a rebound.
17:02 of 2nd period - Snap shot by John Moore.
17:02 of 2nd period - Shot Blocked by Logan Stephenson.
17:04 of 2nd period - Slapshot by John Moore.
17:04 of 2nd period - Stopped by Alexander Salak with a rebound.
17:06 of 2nd period - Slapshot by John Moore.
17:06 of 2nd period - Shot Blocked by Logan Stephenson.
17:14 of 2nd period - Slapshot by Randy Robitaille.
17:14 of 2nd period - Shot Blocked by Milan Jurcina.
17:16 of 2nd period - Snap shot by David Clarkson.
17:16 of 2nd period - Stopped by Alexander Salak with a rebound.
17:18 of 2nd period - Snap shot by John Moore.
17:18 of 2nd period - Stopped by Alexander Salak without a rebound.
17:19 of 2nd period - Brayden Schenn wins face-off versus Josh Hennessy in Senators zone.
17:34 of 2nd period - Snap shot by Peter Schaefer.
17:34 of 2nd period - Shot Blocked by Shane Sims.
17:46 of 2nd period - Tommy Wingels is hit by Erik Karlsson and loses puck.
18:19 of 2nd period - Off-side.
18:20 of 2nd period - Randy Robitaille wins face-off versus Rob Niedermayer in neutral zone.
18:20 of 2nd period - Minor Penalty to Matt Martin for Hooking.
18:21 of 2nd period - Randy Robitaille wins face-off versus Rob Niedermayer in Monarchs zone.
18:36 of 2nd period - Slapshot by Milan Jurcina.
18:36 of 2nd period - Deflect By Rob Niedermayer.
18:36 of 2nd period - Stopped by Peter Budaj without a rebound.
18:37 of 2nd period - Rob Niedermayer wins face-off versus Randy Robitaille in Monarchs zone.
18:48 of 2nd period - Snap shot by B.J. Crombeen.
18:48 of 2nd period - Goal by B.J. Crombeen - Senators : 6 - Monarchs : 2.
18:49 of 2nd period - Rob Niedermayer wins face-off versus Randy Robitaille in neutral zone.
19:14 of 2nd period - Milan Jurcina is hit by Brayden Schenn and loses puck.
19:20 of 2nd period - Minor Penalty to Brian Gionta for Interference.
19:21 of 2nd period - Randy Robitaille wins face-off versus Rob Niedermayer in Monarchs zone.
19:23 of 2nd period - Minor Penalty to Peter Schaefer for Holding.
19:24 of 2nd period - Randy Robitaille wins face-off versus Rob Niedermayer in Monarchs zone.
19:40 of 2nd period - Wrist shot by Randy Robitaille.
19:40 of 2nd period - Shot Misses the Net.
Goals for this period are 3 for Senators vs 1 for Monarchs .
Shots for this period are 12 for Senators vs 12 for Monarchs .
3rd period
0:01 of 3rd period - Randy Robitaille wins face-off versus Rob Niedermayer in neutral zone.
0:16 of 3rd period - Snap shot by Rob Niedermayer.
0:16 of 3rd period - Shot Misses the Net.
1:20 of 3rd period - Penalty to Brian Gionta is over, Brian Gionta is back on ice.
1:23 of 3rd period - Penalty to Peter Schaefer is over, Peter Schaefer is back on ice.
1:58 of 3rd period - Minor Penalty to Milan Jurcina for Hooking.
1:59 of 3rd period - Brayden Schenn wins face-off versus B.J. Crombeen in Senators zone.
2:04 of 3rd period - Wrist shot by Brian Gionta.
2:04 of 3rd period - Goal by Brian Gionta - Senators : 6 - Monarchs : 3.
2:05 of 3rd period - Randy Robitaille wins face-off versus Rob Niedermayer in neutral zone.
2:12 of 3rd period - Snap shot by David Clarkson.
2:12 of 3rd period - Stopped by Alexander Salak with a rebound.
2:14 of 3rd period - Slapshot by Brian Pothier.
2:14 of 3rd period - Shot Blocked by Logan Stephenson.
2:16 of 3rd period - Snap shot by Matt Martin.
2:16 of 3rd period - Shot Misses the Net.
2:32 of 3rd period - Brian Gionta is hit by Stanislav Chistov and loses puck.
2:42 of 3rd period - Minor Penalty to Logan Stephenson for Goalie Interference.
2:43 of 3rd period - Brock Trotter wins face-off versus B.J. Crombeen in Senators zone.
3:09 of 3rd period - B.J. Crombeen is hit by David Clarkson and loses puck.
3:40 of 3rd period - Brock Trotter is hit by Niklas Hagman and loses puck.
4:02 of 3rd period - Off-side.
4:03 of 3rd period - Peter Schaefer wins face-off versus Brett Sterling in neutral zone.
4:42 of 3rd period - Penalty to Logan Stephenson is over, Logan Stephenson is back on ice.
4:58 of 3rd period - Wrist shot by Logan Stephenson.
4:58 of 3rd period - Stopped by Peter Budaj with a rebound.
5:00 of 3rd period - Snap shot by Logan Stephenson.
5:00 of 3rd period - Stopped by Peter Budaj with a rebound.
5:02 of 3rd period - Snap shot by B.J. Crombeen.
5:02 of 3rd period - Stopped by Peter Budaj with a rebound.
5:09 of 3rd period - Double Minor Penalty to Tommy Wingels for High sticking.
5:10 of 3rd period - Josh Hennessy wins face-off versus Randy Robitaille in Monarchs zone.
5:22 of 3rd period - Slapshot by Logan Stephenson.
5:22 of 3rd period - Goal by Logan Stephenson - Senators : 7 - Monarchs : 3.
5:23 of 3rd period - Josh Hennessy wins face-off versus Peter Schaefer in neutral zone.
5:28 of 3rd period - Wrist shot by Sergei Kostitsyn.
5:28 of 3rd period - Goal by Sergei Kostitsyn - Senators : 8 - Monarchs : 3.
5:28 of 3rd period - Sergei Bobrovsky enters game.
5:29 of 3rd period - Rob Niedermayer wins face-off versus Randy Robitaille in neutral zone.
5:32 of 3rd period - John Moore is hit by B.J. Crombeen and loses puck.
5:43 of 3rd period - Snap shot by Randy Robitaille.
5:43 of 3rd period - Goal by Randy Robitaille - Senators : 8 - Monarchs : 4.
5:44 of 3rd period - Randy Robitaille wins face-off versus Rob Niedermayer in neutral zone.
5:59 of 3rd period - Randy Robitaille is hit by B.J. Crombeen and loses puck.
6:22 of 3rd period - Snap shot by Brian Gionta.
6:22 of 3rd period - Stopped by Alexander Salak without a rebound.
6:23 of 3rd period - Cody Hodgson wins face-off versus Brian Gionta in Senators zone.
6:57 of 3rd period - Snap shot by Sergei Kostitsyn.
6:57 of 3rd period - Shot Misses the Net.
7:09 of 3rd period - Snap shot by Brian Pothier.
7:09 of 3rd period - Deflect By Tommy Wingels.
7:09 of 3rd period - Stopped by Alexander Salak with a rebound.
7:11 of 3rd period - Wrist shot by Tommy Wingels.
7:11 of 3rd period - Shot Misses the Net.
7:13 of 3rd period - Slapshot by Brian Pothier.
7:13 of 3rd period - Deflect By B.J. Crombeen.
7:13 of 3rd period - Stopped by Alexander Salak with a rebound.
7:15 of 3rd period - Slapshot by Tommy Wingels.
7:15 of 3rd period - Shot Misses the Net.
7:17 of 3rd period - Slapshot by Tommy Wingels.
7:17 of 3rd period - Deflect By Marc-André Bernier.
7:17 of 3rd period - Shot Blocked by Milan Jurcina.
7:17 of 3rd period - Puck is out of play.
7:18 of 3rd period - Josh Hennessy wins face-off versus Brayden Schenn in Senators zone.
7:18 of 3rd period - Josh Hennessy is hit by Brayden Schenn.
7:25 of 3rd period - Brian Gionta and Niklas Hagman fight to a draw.
7:25 of 3rd period - Penalty to Brian Gionta for Fighting.
7:25 of 3rd period - Penalty to Niklas Hagman for Fighting.
7:26 of 3rd period - Randy Robitaille wins face-off versus Rob Niedermayer in Senators zone.
7:27 of 3rd period - Snap shot by David Clarkson.
7:27 of 3rd period - Stopped by Alexander Salak with a rebound.
7:51 of 3rd period - Brayden Schenn is hit by Shane Sims and loses puck.
8:04 of 3rd period - Minor Penalty to Milan Jurcina for Hooking.
8:05 of 3rd period - Brayden Schenn wins face-off versus B.J. Crombeen in Senators zone.
8:26 of 3rd period - Minor Penalty to B.J. Crombeen for Cross-checking.
8:27 of 3rd period - Brett Sterling wins face-off versus Brayden Schenn in Senators zone.
9:45 of 3rd period - Patrick Wey is hit by Patrick Davis and loses puck.
9:56 of 3rd period - Brian Pothier is hit by Cody Hodgson and loses puck.
10:04 of 3rd period - Penalty to Milan Jurcina is over, Milan Jurcina is back on ice.
10:21 of 3rd period - Alec Martinez is hit by Milan Jurcina and loses puck.
10:26 of 3rd period - Penalty to B.J. Crombeen is over, B.J. Crombeen is back on ice.
10:38 of 3rd period - Slapshot by Gabriel Bourque.
10:38 of 3rd period - Shot Misses the Net.
10:40 of 3rd period - Wrist shot by Erik Karlsson.
10:40 of 3rd period - Shot Blocked by Peter Schaefer.
10:44 of 3rd period - Wrist shot by Gabriel Bourque.
10:44 of 3rd period - Stopped by Sergei Bobrovsky without a rebound.
10:45 of 3rd period - Randy Robitaille wins face-off versus B.J. Crombeen in Monarchs zone.
12:00 of 3rd period - John Moore is hit by Logan Stephenson and loses puck.
12:29 of 3rd period - Brian Pothier is hit by Jack Skille and loses puck.
12:36 of 3rd period - Slapshot by Brian Pothier.
12:36 of 3rd period - Deflect By Marc-André Bernier.
12:36 of 3rd period - Stopped by Alexander Salak with a rebound.
12:50 of 3rd period - Snap shot by Gabriel Bourque.
12:50 of 3rd period - Shot Misses the Net.
12:52 of 3rd period - Slapshot by Erik Karlsson.
12:52 of 3rd period - Shot Blocked by Brian Pothier.
12:54 of 3rd period - Wrist shot by Gabriel Bourque.
12:54 of 3rd period - Shot Misses the Net.
13:04 of 3rd period - Peter Schaefer is hit by B.J. Crombeen and loses puck.
14:06 of 3rd period - Brian Pothier is hit by Rob Niedermayer and loses puck.
14:19 of 3rd period - Rob Niedermayer is hit by Tommy Wingels.
14:30 of 3rd period - Off-side.
14:31 of 3rd period - Josh Hennessy wins face-off versus Brayden Schenn in neutral zone.
14:34 of 3rd period - Snap shot by Niklas Hagman.
14:34 of 3rd period - Deflect By Stanislav Chistov.
14:34 of 3rd period - Shot Blocked by Kyle Wharton.
14:34 of 3rd period - Puck is out of play.
14:35 of 3rd period - Rob Niedermayer wins face-off versus Matt Martin in Monarchs zone.
15:07 of 3rd period - Slapshot by Erik Karlsson.
15:07 of 3rd period - Deflect By Stanislav Chistov.
15:07 of 3rd period - Shot Blocked by Shawn Belle.
15:07 of 3rd period - Puck is out of play.
15:08 of 3rd period - Brayden Schenn wins face-off versus Rob Niedermayer in Monarchs zone.
15:35 of 3rd period - Backhand shot by Josh Hennessy.
15:35 of 3rd period - Stopped by Sergei Bobrovsky without a rebound.
15:36 of 3rd period - Randy Robitaille wins face-off versus Josh Hennessy in Monarchs zone.
15:45 of 3rd period - Snap shot by Randy Robitaille.
15:45 of 3rd period - Shot Blocked by Logan Stephenson.
15:47 of 3rd period - Wrist shot by Randy Robitaille.
15:47 of 3rd period - Stopped by Alexander Salak with a rebound.
15:49 of 3rd period - Slapshot by John Moore.
15:49 of 3rd period - Deflect By David Clarkson.
15:49 of 3rd period - Shot Misses the Net.
15:49 of 3rd period - Puck is out of play.
15:50 of 3rd period - Brayden Schenn wins face-off versus Rob Niedermayer in Senators zone.
16:15 of 3rd period - Stanislav Chistov is hit by Randy Robitaille.
16:21 of 3rd period - Wrist shot by Stanislav Chistov.
16:21 of 3rd period - Deflect By David Clarkson.
16:21 of 3rd period - Shot Blocked by Shawn Belle.
16:21 of 3rd period - Puck is out of play.
16:22 of 3rd period - Randy Robitaille wins face-off versus Rob Niedermayer in Monarchs zone.
16:29 of 3rd period - Icing by Brian Pothier.
16:30 of 3rd period - Sergei Kostitsyn wins face-off versus Randy Robitaille in Monarchs zone.
16:31 of 3rd period - Snap shot by Rob Niedermayer.
16:31 of 3rd period - Deflect By Randy Robitaille.
16:31 of 3rd period - Shot Misses the Net.
16:31 of 3rd period - Puck is out of play.
16:32 of 3rd period - Rob Niedermayer wins face-off versus Randy Robitaille in Monarchs zone.
16:33 of 3rd period - Wrist shot by B.J. Crombeen.
16:33 of 3rd period - Shot Blocked by John Moore.
16:52 of 3rd period - Wrist shot by Randy Robitaille.
16:52 of 3rd period - Shot Misses the Net.
16:54 of 3rd period - Wrist shot by David Clarkson.
16:54 of 3rd period - Stopped by Alexander Salak with a rebound.
16:56 of 3rd period - Slapshot by John Moore.
16:56 of 3rd period - Deflect By Randy Robitaille.
16:56 of 3rd period - Shot Misses the Net.
16:56 of 3rd period - Puck is out of play.
16:57 of 3rd period - Josh Hennessy wins face-off versus Brayden Schenn in Senators zone.
18:11 of 3rd period - Mark Olver is hit by Brian Gionta and loses puck.
18:20 of 3rd period - Snap shot by Brian Gionta.
18:20 of 3rd period - Shot Misses the Net.
18:22 of 3rd period - Slapshot by Frederic St-Denis.
18:22 of 3rd period - Shot Blocked by Jack Skille.
18:24 of 3rd period - Slapshot by Kyle Wharton.
18:24 of 3rd period - Shot Blocked by Gabriel Bourque.
18:34 of 3rd period - Snap shot by Stanislav Chistov.
18:34 of 3rd period - Shot Blocked by Kyle Wharton.
18:36 of 3rd period - Slapshot by Tyson Barrie.
18:36 of 3rd period - Stopped by Sergei Bobrovsky with a rebound.
18:38 of 3rd period - Snap shot by Patrick Wey.
18:38 of 3rd period - Shot Misses the Net.
18:40 of 3rd period - Slapshot by Tyson Barrie.
18:40 of 3rd period - Shot Blocked by Frederic St-Denis.
18:42 of 3rd period - Wrist shot by Stanislav Chistov.
18:42 of 3rd period - Stopped by Sergei Bobrovsky without a rebound.
18:43 of 3rd period - Rob Niedermayer wins face-off versus Randy Robitaille in Monarchs zone.
19:01 of 3rd period - Minor Penalty to Shane Sims for Interference.
19:02 of 3rd period - B.J. Crombeen wins face-off versus Brayden Schenn in Senators zone.
19:10 of 3rd period - Milan Jurcina is hit by Brayden Schenn.
Goals for this period are 2 for Senators vs 2 for Monarchs .
Shots for this period are 9 for Senators vs 10 for Monarchs .
Output by the SimonT Hockey Simulator (STHS) for François Prévost -- Original Page W3C XHTML 1.0 Valid